 Dungeon Crawl Stone Soup version 0.32-a0-928-g1cae6b7ea0 (webtiles) character file.

Game seed: 3542598431873916032

625 ezpacito the Chopper (level 7, 0/54 HPs)
             Began as a Coglin Chaos Knight on Apr 13, 2024.
             Was a Plaything of Xom.
             Succumbed to a gnoll sergeant's poison
             ... on level 4 of the Dungeon.
             The game lasted 00:05:22 (2968 turns).

ezpacito the Chopper (Coglin Chaos Knight)          Turns: 2968, Time: 00:05:22

Health: 0/54       AC: 10    Str: 14    XL:     7   Next: 47%
Magic:  9/9        EV:  6    Int: 15    God:    Xom [..*...]
Gold:   226        SH:  4    Dex: 12    Spells: 1/9 levels left

rFire   . . .        a - +0 hand axe (chaos) {Egbert}
rCold   . . .        n - +2 trident (vamp) {Hilda}
rNeg    . . .        k - +0 chain mail
rPois   .            (helmet restricted)
rElec   .            (no cloak)
rCorr   .            (no gloves)
SInv    .            s - +0 pair of boots
Will    .....        (amulet unavailable) Stlth
                     (ring unavailable)
HPRegen 0.29/turn    (ring unavailable)
MPRegen 0.11/turn    (no gizmo)

%: no passive effects
@: lethally poisoned (0 -> -3), revving
A: off-hand wielding, slow wielding, warmup strikes, no jewellery, horns 1,
large bone plates 1, camouflage 1, clever 1
a: Invent Gizmo, Renounce Religion


You were on level 4 of the Dungeon.
You worshipped Xom.
You were a toy of Xom.
You visited 1 branch of the dungeon, and saw 5 of its levels.

You collected 226 gold pieces.

Inventory:

Hand Weapons
 a - a +0 hand axe of chaos (weapon) {Egbert}
 n - a +2 vampiric trident (offhand) {Hilda}
Missiles
 f - 11 poisoned darts
 m - 2 javelins (quivered)
Armour
 j - a +0 helmet
 k - a +0 chain mail (worn)
 p - a +0 plate armour
 s - a +0 pair of boots (worn)
Wands
 t - a wand of paralysis (1)
 D - a wand of digging (7)
Scrolls
 d - 2 scrolls of teleportation {unknown}
 e - 2 scrolls of acquirement {unknown}
 g - a scroll of blinking {unknown}
 h - 2 scrolls of immolation {unknown}
 l - 2 scrolls of identify {unknown}
 o - a scroll of enchant weapon {unknown}
 u - a scroll of noise {unknown}
Potions
 b - a potion of curing {unknown}
 c - a potion of mutation
 q - a potion of attraction


   Skills:
 * Level 4.2 Fighting
 * Level 4.3(4.7) Axes
 * Level 2.3(3.4) Polearms
 * Level 3.1 Armour
 * Level 2.6 Dodging
 + Level 1.5 Stealth
 + Level 0.5 Unarmed Combat
 + Level 1.9 Spellcasting
 + Level 0.4 Hexes
 + Level 0.5 Alchemy
 + Level 1.1 Evocations


You had one spell level left.
You knew the following spells:

 Your Spells              Type           Power      Damage    Failure   Level
a - Tukima's Dance        Hex            2%         N/A       100%        3
b - Alistair's Intoxicat  Alch           2%         N/A       100%        5

Your spell library contained the following spells:

 Spells                   Type           Power      Damage    Failure   Level
 Apportation              Tloc           2%         N/A       98%         1
 Jinxbite                 Hex            4%         N/A       99%         2
 Call Canine Familiar     Summ           1%         N/A       100%        3
 Sigil of Binding         Hex            2%         N/A       100%        3
 Dimensional Bullseye     Hex/Tloc       1%         N/A       100%        4
 Iskenderun's Mystic Bla Conj/Tloc 1%             2d3        (+2d1     100%        4
 Passage of Golubria      Tloc           1%         N/A       100%        4
 Silence                  Hex/Air        1%         N/A       100%        5
 Lehudib's Crystal Spear  Conj/Erth      0%         10d2      100%        8


Dungeon Overview and Level Annotations

Branches:
Dungeon (5/15)
 Temple: D:4-7

Altars:
Okawaru
Ru
Wu Jian
Xom


Innate Abilities, Weirdness & Mutations

You can wield a second weapon in your off-hand.
It takes a long time for you to wield or remove held weapons.
Your first few attacks do less damage.
You cannot equip rings or amulets.
You have a pair of small horns on your head.
You are partially covered in large bone plates. (SH +4)
Your skin changes colour to match your surroundings (Stealth+).
Your mind is acute. (Int +4, Str/Dex -1)


Message History

You closely miss the gnoll with your +2 vampiric trident.
The gnoll sergeant hits you from afar with a +2 spear of venom!
You are poisoned.
The gnoll misses you. The gnoll hits you but does no damage.
You take 6 damage, and have 34/54 hp.
You are too injured to fight recklessly!
You are too injured to fight recklessly!
You are too injured to fight recklessly!
You are too injured to fight recklessly!
You feel sick.
You take 2 damage, and have 32/54 hp.
You feel sick.
The gnoll sergeant attacks as it pursues you!
The gnoll sergeant hits you from afar with a +2 spear of venom.
You are more poisoned.
The gnoll hits you with a +0 club. The gnoll attacks as it pursues you!
You block the gnoll's attack.
You take 4 damage, and have 28/54 hp.
You feel very sick. The gnoll attacks as it pursues you!
You block the gnoll's attack.
The gnoll sergeant attacks as it pursues you!
The gnoll sergeant hits you from afar with a +2 spear of venom!
You take 9 damage, and have 19/54 hp.
You feel very sick.
You take 3 damage, and have 16/54 hp.
You feel sick. Xom grants you insight.
You detect creatures!
You take 2 damage, and have 14/54 hp.
You feel sick.
You take 2 damage, and have 12/54 hp.
You feel sick.
There is a stone staircase leading up here.
You feel sick. The gnoll hits you with a +0 club.
* * * LOW HITPOINT WARNING * * *
The gnoll hits you from afar with a +0 halberd.
* * * LOW HITPOINT WARNING * * *
You climb upwards.
You die...
Xom chortles!

....#########..#...## ##(......
...###########......## ##..######
####.......# ##......###..##
####†...<..# #...#........#
...........# #...##.......####
####....<..###...#...........##
#.......##..#[.............#
####..........#.g.##....._..#.###
...###....(.....@..#.._....##...#
.......#...................####..
>.(....#...................# ###
.#.####....................# #
...###..#..........#....[.#######
..#....###....#...###..._..).....
....###....#..######.._...####...
..###.....................# #...
<......#.........##.......####...


You could see a gnoll.

Vanquished Creatures
  Sigmund (D:2)
  A black bear (D:4)
  A scorpion (D:4)
  A bombardier beetle (D:3)
  A hound (D:4)
  2 iguanas
  A sleepcap (D:4)
  Robin (D:2)
  A gnoll (D:5)
  4 adders
  5 dart slugs
  A ribbon worm (D:2)
  6 orcs
  4 ball pythons
  5 endoplasms
  6 giant cockroaches
  12 goblins
  16 hobgoblins
  6 jackals
  5 kobolds
  3 quokkas
  4 bats
  2 frilled lizards
  6 rats
95 creatures vanquished.

Notes
Turn   | Place    | Note
-------+----------+-------------------------------------------
     0 | D:1      | ezpacito the Coglin Chaos Knight began the quest for the
                  | Orb.
     0 | D:1      | Reached XP level 1. HP: 18/18 MP: 1/1
    63 | D:1      | Reached skill level 1 in Dodging
   169 | D:1      | Reached XP level 2. HP: 17/24 MP: 2/2
   374 | D:1      | Reached XP level 3. HP: 29/29 MP: 3/3
   456 | D:1      | XOM: silly message
   843 | D:2      | XOM: cloud trail
   911 | D:2      | Reached skill level 1 in Spellcasting
   923 | D:2      | Reached XP level 4. HP: 35/35 MP: 5/5
  1053 | D:2      | Noticed Sigmund
  1064 | D:2      | Killed Sigmund
  1065 | D:2      | Reached skill level 1 in Polearms
  1065 | D:2      | Reached skill level 1 in Stealth
  1065 | D:2      | Reached XP level 5. HP: 26/42 MP: 5/7
  1065 | D:2      | Reached XP level 6. HP: 30/48 MP: 5/8
  1232 | D:2      | XOM: noise
  1294 | D:2      | Noticed Robin
  1310 | D:2      | Killed Robin
  1587 | D:3      | Found a faded altar of an unknown god.
  1691 | D:3      | XOM: cloud trail
  1969 | D:3      | XOM: god gift: morningstar {god gift}
  2049 | D:3      | XOM: 3-stop teleportation journey
  2101 | D:3      | XOM: give mutations
  2101 | D:3      | Gained mutation: You have supernaturally acute eyesight.
                  | (SInv) [Xom's grace]
  2101 | D:3      | Gained mutation: You have a pair of small horns on your
                  | head. [Xom's grace]
  2101 | D:3      | Gained mutation: You are resistant to electric shocks.
                  | (rElec) [Xom's grace]
  2101 | D:3      | Gained mutation: Your mind is acute. (Int +4, Str/Dex -1)
                  | [Xom's grace]
  2148 | D:3      | Found an iron altar of Okawaru.
  2148 | D:3      | Found a sacrificial altar of Ru.
  2278 | D:3      | Found an ornate altar of the Wu Jian Council.
  2390 | D:4      | Paralysed by a goblin for 2 turns
  2468 | D:4      | Learned a level 3 spell: Tukima's Dance
  2474 | D:4      | Learned a level 5 spell: Alistair's Intoxication
  2491 | D:4      | Noticed a black bear
  2492 | D:4      | XOM: scenery: create altars
  2503 | D:4      | XOM: fog
  2510 | D:4      | XOM: silly message
  2513 | D:4      | Lost mutation: You are resistant to electric shocks.
                  | (rElec) [potion of mutation]
  2513 | D:4      | Lost mutation: Your mind is acute. (Int +4, Str/Dex -1)
                  | [potion of mutation]
  2513 | D:4      | Lost mutation: You have supernaturally acute eyesight.
                  | (SInv) [potion of mutation]
  2513 | D:4      | Gained mutation: Your skin changes colour to match your
                  | surroundings (Stealth+). [potion of mutation]
  2513 | D:4      | Gained mutation: You are partially covered in large bone
                  | plates. (SH +4) [potion of mutation]
  2513 | D:4      | Gained mutation: Your mind is acute. (Int +4, Str/Dex -1)
                  | [potion of mutation]
  2517 | D:4      | Killed a black bear
  2518 | D:4      | Reached XP level 7. HP: 9/54 MP: 9/9
  2555 | D:4      | XOM: 9-stop teleportation journey
  2799 | D:4      | Reached skill level 1 in Evocations
  2945 | D:5      | Entered Level 5 of the Dungeon
  2964 | D:5      | XOM: divination: detect creatures
  2967 | D:5      | HP: 2/54 [gnoll/+0 halberd[a gnoll sergeant] (3)]
  2968 | D:4      | Succumbed to a gnoll sergeant's poison

Illustrated notes

Levels and vault maps discovered:
D:1:      tekkud_arrival_beachfront_property, layout_loops_ring,
          serial_bayou_lagoon_a
D:2:      layout_loops_ring, uniq_sigmund, uniq_robin
D:3:      layout_loops_ring, nicolae_wu_jian_glorious_leap,
          gammafunk_temple_overflow_statue, basic_ecumenical_altar,
          st_stairs_10, chequers_arboretum
D:4:      layout_rooms
D:5:      layout_basic, kennysheep_little_box, kennysheep_path_1,
          item_on_display_a

Skill      XL: |  1  2  3  4  5  6  7 |
---------------+----------------------+-----
Dodging        | 1 2 |  2.6
Armour         | 2 3 |  3.1
Spellcasting   | 1 |  1.9
Polearms       | 1 2 |  2.3
Stealth        | 1 |  1.5
Axes           | 4 |  4.3
Fighting       | 4 |  4.2
Evocations     | 1 |  1.1
Unarmed Combat | |  0.5
Hexes          | |  0.4
Alchemy        | |  0.5

Action                     |  1- 3 |  4- 6 |  7- 9 || total
---------------------------+-------+-------+-------++-------
  Melee: Hand axe          |    57 |    82 |    18 ||   157
         Dagger            |    18 |       |       ||    18
         Whip              |    35 |    56 |       ||    91
         Trident           |       |    42 |    24 ||    66
         Headbutt          |       |     2 |     7 ||     9
  Evoke: Wand              |       |     1 |     4 ||     5
    Use: Potion            |       |     4 |       ||     4
         Scroll            |       |     1 |       ||     1
   Stab: Paralysed         |       |     4 |     8 ||    12
         Sleeping          |       |     2 |       ||     2
 Armour: Leather armour    |    31 |    55 |       ||    86
         Chain mail        |       |    47 |    16 ||    63
  Dodge: Dodged            |    43 |    66 |     9 ||   118
  Block: Other             |       |       |     9 ||     9

Table legend: (Time is in decaauts)
 A = Elapsed time spent in this place.
 B = Non-inter-level travel time spent in this place.
 C = Inter-level travel time spent in this place.
 D = Time resting spent in this place.
 E = Time spent auto-exploring this place.
 F = Levels seen in this place.
 G = Mean time per level.
                   A        B        C        D        E       F      G
               +--------+--------+--------+--------+--------+-----+--------+
         Total |   2996 |   2802 |    194 |     68 |   2093 |   5 |  599.2 |
       Dungeon |   2996 |   2802 |    194 |     68 |   2093 |   5 |  599.2 |
               +--------+--------+--------+--------+--------+-----+--------+

Top non-repeatable levels by time:
     D:2: 841 daAuts
     D:1: 835 daAuts
     D:3: 721 daAuts
     D:4: 575 daAuts
     D:5: 23 daAuts
